Map: Prion Terraces

Players

Raven

  • Race: Terran Terran
  • League: Diamond

MorN - Winner!

  • Race: Terran Terran
  • League: Master

VOD

Have the link to the VOD?

Description

Time

  • Played on: Dec. 1, 2015, 6:48 p.m.
  • Length: 8:59
Show
View Real Time Build Order
Export as new Build Order

Raven Terran 

Build Orders: 1/1/1, Bio Tank, MMM Bio 

Get SALT Encoding   

  12  0:01  SCV  
  13  0:13  SCV  
  14  0:17  Supply Depot  
  14  0:25  SCV  
  15  0:39  SCV, Barracks  
  16  0:45  Refinery  
  16  0:51  SCV  
  17  1:03  SCV  
  18  1:05  Refinery  
  18  1:15  SCV  
  19  1:28  Marine  
  19  1:30  Orbital Command  
  20  1:42  Factory  
  20  1:50  Marine  
  21  1:57  Supply Depot  
  21  2:00  SCV  
  22  2:12  SCV  
  23  2:24  Marine  
  23  2:26  Factory Tech Lab  
  23  2:28  Starport  
  24  2:31  SCV  
  25  2:41  Supply Depot  
  25  2:42  Marine  
  25  2:43  SCV  
  29  2:59  SCV  
  30  3:08  Marine  
  30  3:09  Starport Tech Lab  
  30  3:11  Cyclone  
  31  3:25  SCV  
  32  3:31  Marine  
  32  3:32  Command Center, Raven  
  35  3:35  Supply Depot  
  28  3:57  SCV  
  28  3:58  Marine  
  30  4:06  Siege Tank  
  30  4:09  SCV  
  34  4:18  Marine  
  35  4:26  Barracks  
  35  4:27  Engineering Bay  
  35  4:28  Viking, Barracks  
  37  4:32  SCV  
  37  4:37  Barracks Reactor  
  38  4:45  Orbital Command  
  38  4:52  Siege Tank  
  41  4:53  SCV  
  42  5:05  SCV  
  42  5:06  Orbital Command  
  43  5:07  Viking  
  45  5:14  Barracks Tech Lab  
  45  5:22  SCV  
  45  5:28  Marine x2  
  47  5:30  Barracks Tech Lab  
  47  5:34  Refinery  
  48  5:35  Refinery  
  48  5:36  SCV x2  
  48  5:38  Marine  
  48  5:40  Stimpack  
  51  5:46  Marine  
  52  5:56  SCV x2  
  51  6:09  SCV  
  51  6:11  SCV  
  53  6:12  Marine x4  
  57  6:19  Supply Depot  
  57  6:20  Missile Turret  
  57  6:21  SCV  
  57  6:22  Missile Turret  
  58  6:27  SCV  
  58  6:29  Marine  
  58  6:30  Marine x2  
  62  6:38  SCV  
  62  6:40  Siege Tank  
  62  6:44  SCV  
  64  6:48  Marine  
  64  6:49  Marine x2  
  64  6:50  SCV  
  68  6:55  Marine  
  68  7:00  SCV  
  70  7:10  Supply Depot  
  70  7:11  Supply Depot  
  70  7:18  Combat Shields  
  70  7:19  SCV x2, Siege Tank, Marine x3  
  78  7:31  Marine  
  78  7:34  Starport Reactor  
  76  7:37  SCV x2  
  76  7:38  Marine x2  
  76  7:39  Marine  
  81  7:45  Supply Depot  
  84  7:51  Siege Tank  
  84  7:55  SCV  
  84  7:56  Marine  
  86  7:58  Barracks  
  86  7:59  Barracks  
  86  8:05  Marine x2  
  86  8:06  Marine  
  86  8:10  Medivac x2  
  93  8:17  Marine  
  93  8:18  SCV  
  95  8:21  SCV  
  95  8:23  Marine  
  95  8:25  Marine x2  
  99  8:32  Supply Depot  
  99  8:33  SCV  
  100  8:34  Supply Depot  
Show
View Real Time Build Order
Export as new Build Order

MorN Terran - Winner!

Build Orders: 1/1/1 

Get SALT Encoding   

  12  0:00  SCV  
  13  0:13  SCV  
  14  0:16  Supply Depot  
  14  0:25  SCV  
  14  0:27  Refinery  
  15  0:38  SCV  
  16  0:45  Barracks  
  16  0:50  SCV  
  16  0:56  Refinery  
  17  1:02  SCV  
  18  1:14  SCV  
  19  1:32  Reaper, Orbital Command  
  20  1:37  Factory  
  20  1:53  Supply Depot  
  20  1:59  SCV  
  21  2:04  Reaper  
  21  2:11  SCV  
  22  2:22  Hellion  
  24  2:23  Starport  
  24  2:26  SCV  
  25  2:36  Reaper  
  26  2:38  SCV  
  27  2:52  SCV  
  28  3:08  Hellion, Reaper  
  31  3:15  Command Center  
  31  3:23  Supply Depot, Viking  
  33  3:28  SCV  
  33  3:51  Barracks Tech Lab  
  32  4:02  SCV  
  33  4:07  Engineering Bay  
  33  4:09  Factory Tech Lab  
  33  4:18  Barracks Reactor  
  33  4:19  Banshee, Cloaking Field  
  33  4:23  SCV  
  37  4:30  Orbital Command  
  37  4:35  SCV  
  40  4:46  Siege Tank  
  40  4:47  SCV  
  40  4:51  Terran Infantry Weapons Level 1  
  40  4:52  Missile Turret  
  41  4:55  Marine x2  
  41  4:58  SCV  
  41  4:59  SCV  
  45  5:06  Banshee  
  48  5:10  SCV  
  48  5:11  SCV  
  48  5:13  Marine x2  
  52  5:16  Supply Depot  
  52  5:22  SCV, Siege Tank  
  52  5:25  SCV  
  57  5:34  SCV  
  57  5:35  Supply Depot, Marine x2  
  58  5:37  SCV  
  61  5:46  SCV  
  62  5:53  SCV  
  60  6:02  SCV, Barracks  
  60  6:04  Siege Tank, Starport Reactor  
  61  6:05  SCV  
  61  6:07  Barracks  
  65  6:12  Supply Depot  
  65  6:14  SCV, Refinery x2  
  67  6:18  SCV  
  67  6:19  Command Center  
  67  6:25  Stimpack  
  67  6:27  SCV  
  67  6:30  SCV, Supply Depot  
  67  6:31  Supply Depot  
  67  6:32  Marine  
  70  6:45  SCV x2  
  70  6:47  Supply Depot  
  70  6:49  Siege Tank  
  70  6:50  Marine  
  70  6:54  Marine x2  
  75  6:58  Barracks Reactor, Medivac x2  
  80  7:02  SCV x2  
  80  7:07  Supply Depot  
  82  7:11  Marine x3  
  82  7:12  Supply Depot  
  85  7:16  SCV  
  85  7:20  Supply Depot  
  85  7:22  Siege Tank  
  89  7:24  SCV  
  89  7:28  Marine  
  89  7:29  Marine  
  92  7:39  Marine  
  92  7:40  Medivac x2  
  97  7:54  Marine x4  
  97  7:57  Marine  
  102  8:00  Engineering Bay  
  102  8:02  Armory, SCV  
  102  8:03  SCV, Barracks, Supply Depot  
  102  8:04  Barracks, Orbital Command  
  103  8:13  Marine x3  
  103  8:14  Marine  
  103  8:15  SCV, Viking  
  103  8:17  Marine  
  109  8:31  Marine x4  
  112  8:57  Supply Depot  
Tags
 
Composition
Bio TankMMM Bio
Matchup
TvT
Opening
1/1/11/1/1
Race
Terran
Replay Pack
MorN pack 2
Add a new tag
Caveats
  • Supply blocks, unpowered buildings, or Contaminate may cause inaccurate times.
  • Supply counts are checked every 10 seconds.